 Dungeon Crawl Stone Soup version 0.29.1-12-g30fa7ad0bf (webtiles) character file.

Game seed: 12287752816707885744

28 safid the Chiller (level 3, -1/24 HPs)
             Began as a Merfolk Ice Elementalist on Jan 13, 2023.
             Slain by a worm (10 damage)
             ... on level 2 of the Dungeon.
             The game lasted 00:02:12 (1360 turns).

safid the Chiller (Merfolk Ice Elementalist)        Turns: 1360, Time: 00:02:13

Health: -1/24      AC:  3    Str:  8    XL:     3   Next: 14%
Magic:  6/7        EV: 12    Int: 16    God:
Gold:   47         SH:  0    Dex: 14    Spells: 3/7 levels left

rFire   . . .      SeeInvis .   e - +0 short sword
rCold   . . .      Faith    .   (no shield)
rNeg    . . .      Spirit   .   a - +0 robe
rPois   .          Reflect  .   (no helmet)
rElec   .          Harm     .   h - +0 cloak
rCorr   .          Rampage  .   (no gloves)
Will    .....                   (no boots)
Stlth   ++........              (no amulet)
HPRegen 0.08/turn               (no ring)
MPRegen 0.10/turn               (no ring)

@: no status effects
A: (nimble swimmer 2), mertail
a: no special abilities


You were on level 2 of the Dungeon.
You visited 1 branch of the dungeon, and saw 2 of its levels.

You collected 47 gold pieces.

Inventory:

Hand Weapons
 e - a +0 short sword (weapon)
Armour
 a - a +0 robe (worn)
 h - a +0 cloak (worn)
Scrolls
 f - 2 scrolls of identify {unknown}
Potions
 b - a potion of magic
 c - a potion of curing {unknown}
 d - a potion of flight {unknown}
 g - a potion of heal wounds {unknown}


   Skills:
 - Level 2.6 Dodging
 - Level 2.1 Stealth
 + Level 2.7 Spellcasting
 + Level 5.0 Ice Magic


You had 3 spell levels left.
You knew the following spells:

 Your Spells              Type           Power      Damage    Failure   Level
a - Freeze                Ice            72%        1d9       2%          1
b - Frozen Ramparts       Ice            36%        1d6       8%          3

Your spell library contained the following spells:

 Spells                   Type           Power      Damage    Failure   Level
 Ozocubu's Armour         Ice            18%        N/A       8%          3
 Magic Dart               Conj           8%         1d3       19%         1
 Hailstorm                Conj/Ice       10%        3d5       56%         4


Dungeon Overview and Level Annotations

Branches:
Dungeon (2/15)

Altars:


Innate Abilities, Weirdness & Mutations

((You are very nimble when in or above water. (Stealth+, EV+, Speed+++)))
Your lower body shifts to a powerful aquatic tail in water.


Message History

Aiming: Freeze (safe; 3% risk of failure)
Press: ? - help, Shift-Dir - straight line, f/p - adder
Aim: an adder (moderately wounded, slow)
You freeze the adder!
You kill the adder!
Your Ice Magic skill increases to level 5!
You have reached level 3!
Your experience leads to an increase in your attributes!
Increase (S)trength, (I)ntelligence, or (D)exterity?
You feel clever. x2
This spell is quite dangerous to cast!
Memorise Frozen Ramparts, consuming 3 spell levels and leaving 3? [Y]es or [N]o only, please.
Memorise Frozen Ramparts, consuming 3 spell levels and leaving 3?
You start memorising the spell.
You continue memorising. x3
You finish memorising.
Spell assigned to 'b'.
HP restored.
Magic restored.
There is a stone staircase leading down here.
A worm and a hobgoblin come into view.
You hit the worm.
The worm is lightly wounded.
The worm closely misses you.
You hit the worm but do no damage.
The worm is lightly wounded.
The worm bites you.
You hit the worm but do no damage.
The worm is lightly wounded.
You hit the worm.
The worm is lightly wounded.
The worm bites you!
Casting: Freeze (safe; 2% risk of failure)
Confirm with . or Enter, or press ? or * to list all spells.
Aiming: Freeze (safe; 2% risk of failure)
Press: ? - help, Shift-Dir - straight line, f - worm
Aim: a worm (lightly wounded)
You freeze the worm!
The worm is heavily wounded.
The worm bites you!
You die...

.. #.# #.# ..##... ##.#
#.# #....g.###### #..#
#.# ...........# #.##
#.# ###.####..###.## #.#
##.# ##..#....# #.#
.####.####..#....#####.#
.####.####...>.......#..
......w@...........#.##.
#####.####.........# #.
#####.#####........# #.
##.# ###........# #.
###.# ###........# #.
####....##........# #.
####. .....^...# #. ##
####


You could see a worm and a hobgoblin (asleep).

Vanquished Creatures
  An adder (D:2)
  A bat (D:1)
  3 endoplasms (D:1)
  2 giant cockroaches (D:1)
  2 goblins (D:1)
  2 hobgoblins (D:1)
  A frilled lizard (D:1)
  2 kobolds (D:1)
  4 rats
18 creatures vanquished.

Notes
Turn   | Place    | Note
-------+----------+-------------------------------------------
     0 | D:1      | safid the Merfolk Ice Elementalist began the quest for the
                  | Orb.
     0 | D:1      | Reached XP level 1. HP: 13/13 MP: 3/3
   210 | D:1      | Reached XP level 2. HP: 19/19 MP: 1/5
   827 | D:1      | Found a faded altar of an unknown god.
   832 | D:1      | Got Plato's Reference Book on Attacks
  1320 | D:2      | Reached skill level 5 in Ice Magic
  1320 | D:2      | Reached XP level 3. HP: 22/24 MP: 4/7
  1324 | D:2      | Learned a level 3 spell: Frozen Ramparts
  1360 | D:2      | Slain by a worm

Illustrated notes

Levels and vault maps discovered:
D:1:      dpeg_arrival_stonehenge_8_columns, layout_basic,
          shapermc_ecumenical_altar_rom_forum
D:2:      layout_basic, reono_crystal_passage, kennysheep_another_room

Skill      XL: |  1  2 |
---------------+-------+-----
Ice Magic      | 5 |  5.0
Dodging        | |  2.6
Stealth        | |  2.1
Spellcasting   | |  2.7

Action                   || total
-------------------------++-------
Melee: Unarmed           ||     3
       Short sword       ||    12
 Cast: Freeze            ||    24
 Stab: Sleeping          ||     1
Armor: Robe              ||     2
Dodge: Dodged            ||    18
